 Dungeon Crawl Stone Soup version 0.30-a0-12-gd8047c6341 (webtiles) character file.

Game seed: 3455923795861811953

2837 Newt the Skirmisher (level 9, -5/68 (69) HPs)
             Began as a Demonspawn Gladiator on Aug 23, 2022.
             Slain by a six-headed hydra (6 damage)
             ... on level 7 of the Dungeon.
             The game lasted 00:12:30 (8299 turns).

Newt the Skirmisher (Demonspawn Gladiator)          Turns: 8299, Time: 00:12:31

HP:   -5/68 (69)    AC: 11    Str: 18    XL:     9   Next: 45%
MP:   9/9           EV:  9    Int: 10    God:
Gold: 1181          SH:  0    Dex: 17    Spells: 8/8 levels left

rFire   . . .      SeeInvis .    b - +5 arbalest
rCold   + + +      Faith    .    (shield currently unavailable)
rNeg    . . .      Spirit   .    t - +1 chain mail of Precision Catastrophes {Contam rElec rC+++ Str+2}
rPois   .          Reflect  .    (helmet restricted)
rElec   +          Harm     .    (no cloak)
rCorr   .          Rampage  .    (no gloves)
Will    .....                    (no boots)
Stlth   ..........               (no amulet)
HPRegen 0.21/turn                (no ring)
MPRegen 0.11/turn                (no ring)

@: studying Spellcasting, lightly drained
A: antennae 2, thin metallic scales 1, spiny 2, demonic magic 2, talons 1,
electricity resistance
a: no special abilities


You were on level 7 of the Dungeon.
You visited 1 branch of the dungeon, and saw 7 of its levels.
You also visited: Ossuary and Bailey.

You collected 1346 gold pieces.
You spent 165 gold pieces at shops.

Inventory:

Hand Weapons
 a - a +3 dagger
 b - a +5 arbalest (weapon)
 k - a +0 rapier
Missiles
 e - a javelin
Armour
 c - a +0 helmet
 j - a +1 leather armour
 t - the +1 chain mail of Precision Catastrophes (worn) {Contam rElec rC+++ Str+2}
   (You found it on level 4 of the Dungeon)

   Str:       It affects your strength (+2).
   rC:        It renders you almost immune to cold.
   rElec:     It insulates you from electricity.
   Contam:    It causes magical contamination when unequipped.
Jewellery
 r - a ring of poison resistance
 B - a ring of resist corrosion
Wands
 n - a wand of flame (18)
Scrolls
 s - a scroll of poison
 u - a scroll of butterflies
 w - a scroll of enchant weapon
 y - a scroll of teleportation
Potions
 f - 4 potions of heal wounds
 g - a potion of attraction
 h - 4 potions of degeneration
 i - a potion of mutation
 l - 2 potions of flight
 m - a potion of brilliance
 o - 6 potions of curing
 p - 5 potions of might
 q - a potion of lignification
 v - 2 potions of ambrosia
 x - a potion of invisibility {unknown}
 z - 2 potions of experience {unknown}


   Skills:
 - Level 6.0 Fighting
 - Level 2.6 Short Blades
 - Level 8.0 Ranged Weapons
 - Level 1.7 Throwing
 - Level 6.0 Dodging
 + Level 5.1 Stealth


You had 8 spell levels left.
You didn't know any spells.
Your spell library contained the following spells:

 Spells                   Type           Power      Damage    Failure   Level
 Magic Dart               Conj           0%         1d3       99%         1
 Searing Ray              Conj           0%         2d4       100%        2
 Ignite Poison            Fire/Tmut/Pois 0%         N/A       100%        3
 Mephitic Cloud           Conj/Pois/Air  0%         N/A       100%        3
 Portal Projectile        Hex/Tloc       0%         N/A       100%        3
 Tukima's Dance           Hex            0%         N/A       100%        3
 Fulminant Prism          Conj/Hex       0%         3d6       100%        4
 Blade Hands              Tmut           0%         N/A       100%        5
 Freezing Cloud           Conj/Ice/Air   0%         6-21      100%        5


Dungeon Overview and Level Annotations

Branches:
Dungeon (7/15)             Temple (0/1) D:7         Ossuary (visited)
 Bailey (visited)

Altars:
Trog

Shops:
D:4 !

Annotations:
D:5 3 runed translucent doors, Adrian566's ghost, novice HOMo; jujuben's ghost, amateur OpFE


Innate Abilities, Weirdness & Mutations

You have a pair of antennae on your head.
You are partially covered in thin metallic scales. (AC +2)
You are mostly covered in sharp spines.
Spells you cast may paralyse nearby enemies.
You have sharp toenails.
You are resistant to electric shocks. (rElec)


Message History

The six-headed hydra bites you.
The six-headed hydra bites you but does no damage.
The six-headed hydra completely misses you.
The six-headed hydra bites you but does no damage.
The six-headed hydra bites you!
The six-headed hydra bites you but does no damage.
Fire: b) +5 arbalest
Press: ? - help, Shift-Dir - straight line, f/p - jelly
Aim: a jelly (91% to hit)
You shoot a bolt. The bolt hits the six-headed hydra!!
The six-headed hydra is severely wounded.
The six-headed hydra closely misses you.
The six-headed hydra bites you but does no damage.
The six-headed hydra closely misses you.
The six-headed hydra bites you!
The six-headed hydra bites you but does no damage.
The six-headed hydra misses you. The six-headed hydra bites you!
The six-headed hydra bites you. x2
The six-headed hydra bites you but does no damage.
The six-headed hydra bites you. The six-headed hydra barely misses you.
Fire: b) +5 arbalest
Press: ? - help, Shift-Dir - straight line, f/p - jelly
Aim: a jelly (91% to hit)
You shoot a bolt. The bolt hits the six-headed hydra.
The six-headed hydra is severely wounded.
The six-headed hydra bites you!
The six-headed hydra bites you but does no damage. x2
The six-headed hydra bites you.
* * * LOW HITPOINT WARNING * * *
The six-headed hydra bites you.
* * * LOW HITPOINT WARNING * * *
The six-headed hydra closely misses you.
The six-headed hydra is struck by your spines.
The six-headed hydra bites you!
* * * LOW HITPOINT WARNING * * *
The six-headed hydra bites you but does no damage.
The six-headed hydra misses you. The six-headed hydra bites you.
* * * LOW HITPOINT WARNING * * *
The six-headed hydra bites you.
You die...

..... #### ... ####
#..##...##..#
#...##.##...# #
##...#.#...## # #.
##.)#.#†.##..# ###
#...###...###...#### #..
........8...........####..
....###..@###.............
.. ##.'#.#DJ##....≈≈~≈≈...
##...#.#oo.##...≈...≈(..
#...##.##...#...~.∩>~.(.
#..##...##.:#...≈...≈...
####.....####...≈≈~≈≈...
.............^#.........
..............###...####.
#......###...............


You could see a six-headed hydra, an orc warrior, a jelly and an orc.

Vanquished Creatures
  Joseph (D:7)
  A wraith (D:7)
  Menkaure (Ossuary)
  A water moccasin (D:7)
  6 black bears
  2 orc warriors (Bailey)
  2 ogres
  A sky beast (D:7)
  A centaur (D:7)
  2 phantoms
  2 scorpions
  A necrophage (D:5)
  2 howler monkeys
  4 hounds
  A gnoll bouda (D:3)
  3 jellies (D:7)
  An orc priest (D:3)
  2 iguanas
  2 orc wizards
  3 mummies (Ossuary)
  5 gnolls
  5 adders
  2 white imps
  2 worms
  5 dart slugs
  18 orcs
  5 endoplasms
  2 giant cockroaches (D:1)
  2 gnoll zombies (Ossuary)
  16 goblins
  9 hobgoblins
  3 jackals (D:3)
  17 kobolds
  7 quokkas
  7 ball pythons
  9 bats
  3 frilled lizards
  5 gnoll skeletons (Ossuary)
  5 goblin skeletons (Ossuary)
  3 goblin zombies (Ossuary)
  5 hobgoblin skeletons (Ossuary)
  4 hobgoblin zombies (Ossuary)
  2 kobold skeletons (Ossuary)
  2 kobold zombies (Ossuary)
  4 orc skeletons (Ossuary)
  4 orc zombies (Ossuary)
  2 rats
  4 rat skeletons (Ossuary)
  10 rat zombies (Ossuary)
206 creatures vanquished.

Vanquished Creatures (others)
  3 withered plants (D:5)
3 creatures vanquished.

Grand Total: 209 creatures vanquished

Notes
Turn   | Place    | Note
-------+----------+-------------------------------------------
     0 | D:1      | Newt the Demonspawn Gladiator began the quest for the Orb.
     0 | D:1      | Reached XP level 1. HP: 16/16 MP: 1/1
    60 | D:1      | Reached skill level 1 in Stealth
   323 | D:1      | Gained mutation: You have a pair of small antennae on your
                  | head. [demonic ancestry]
   323 | D:1      | Reached XP level 2. HP: 22/22 MP: 2/2
   913 | D:1      | Gained mutation: You are partially covered in thin metallic
                  | scales. (AC +2) [demonic ancestry]
   913 | D:1      | Reached XP level 3. HP: 28/28 MP: 3/3
  1871 | D:2      | Gained mutation: You are partially covered in sharp spines.
                  | [demonic ancestry]
  1871 | D:2      | Reached XP level 4. HP: 37/37 MP: 4/4
  2305 | D:3      | Reached skill level 1 in Ranged Weapons
  2569 | D:3      | Reached skill level 2 in Ranged Weapons
  2569 | D:3      | Gained mutation: Spells you cast may paralyse adjacent
                  | enemies. [demonic ancestry]
  2569 | D:3      | Reached XP level 5. HP: 42/42 MP: 5/5
  2677 | D:3      | Found a faded altar of an unknown god.
  2912 | D:3      | Reached skill level 3 in Ranged Weapons
  3640 | D:4      | Gained mutation: You have a pair of antennae on your head.
                  | [demonic ancestry]
  3640 | D:4      | Reached XP level 6. HP: 48/48 MP: 6/6
  3661 | D:4      | Reached skill level 4 in Ranged Weapons
  4048 | D:4      | Found Iclas's Distillery.
  4056 | D:4      | Bought a potion of mutation for 88 gold pieces
  4056 | D:4      | Bought a potion of might for 44 gold pieces
  4056 | D:4      | Bought a potion of lignification for 33 gold pieces
  4056 | D:4      | Gained mutation: You have sharp toenails. [potion of
                  | mutation]
  4056 | D:4      | Gained mutation: You are resistant to electric shocks.
                  | (rElec) [potion of mutation]
  4088 | D:4      | Reached skill level 5 in Ranged Weapons
  4174 | D:4      | Gained mutation: You are mostly covered in sharp spines.
                  | [demonic ancestry]
  4174 | D:4      | Reached XP level 7. HP: 52/54 MP: 7/7
  4246 | D:4      | HP: 2/54 [ogre/+0 giant club (20)]
  4582 | D:4      | Identified the +1 chain mail of Precision Catastrophes
                  | {Contam rElec rC+++ Str+2}
  4821 | D:4      | Found a bloodstained altar of Trog.
  5096 | D:5      | Entered Level 5 of the Dungeon
  5120 | D:5      | Reached skill level 6 in Ranged Weapons
  5476 | D:5      | Identified a scroll of acquirement
  5476 | D:5      | Acquired 950 gold pieces
  5490 | D:5      | Found a runed translucent gate.
  5490 | D:5      | Found a runed translucent gate.
  5490 | D:5      | Found a runed translucent gate.
  5491 | D:5      | Noticed Adrian566's ghost (novice HOMo)
  5493 | D:5      | Noticed jujuben's ghost (amateur OpFE)
  6060 | D:6      | Found a sand-covered staircase.
  6065 | D:6      | Gained mutation: Spells you cast may paralyse nearby
                  | enemies. [demonic ancestry]
  6065 | D:6      | Reached XP level 8. HP: 52/60 MP: 8/8
  6074 | Ossuary  | Entered an ossuary
  6448 | Ossuary  | Noticed Menkaure
  6451 | Ossuary  | Killed Menkaure
  6452 | Ossuary  | Reached skill level 7 in Ranged Weapons
  6761 | D:6      | Reached skill level 8 in Ranged Weapons
  6933 | D:6      | Reached skill level 5 in Fighting
  7249 | D:7      | Found a staircase to the Ecumenical Temple.
  7280 | D:7      | Noticed Joseph
  7289 | D:7      | Killed Joseph
  7290 | D:7      | Reached skill level 5 in Dodging
  7290 | D:7      | Reached XP level 9. HP: 28/69 MP: 9/9
  7515 | D:7      | Found a flagged portal.
  7535 | Bailey   | Entered a bailey
  7555 | Bailey   | Noticed an orc warlord
  7725 | Bailey   | Found a runed translucent gate.
  7728 | Bailey   | Found a runed translucent gate.
  7730 | Bailey   | Found a runed translucent gate.
  7965 | D:7      | Acquired a manual of Spellcasting
  8284 | D:7      | Reached skill level 5 in Stealth
  8295 | D:7      | Noticed a six-headed hydra
  8299 | D:7      | HP: 2/68 [six-headed hydra (12)]
  8299 | D:7      | Slain by a six-headed hydra

Illustrated notes

Levels and vault maps discovered:
D:1:      dpeg_arrival_boxes_within_box, layout_basic
D:2:      layout_basic, nicolae_titane
D:3:      layout_basic, hellmonk_ecumenical_altar_prayer_group
D:4:      layout_loops_ring, trog_book, serial_shops, nicolae_shop_crystal,
          serial_co_window_serial, co_window_paths_a,
          co_window_of_opportunity_a, co_window_corner_a, co_window_paths_b,
          co_window_paths_b, co_window_of_opportunity_c, co_window_broadway_a,
          co_window_paths_c, glass_columns_a
D:5:      layout_basic, gammafunk_ghost_cemetery, minmay_misc_feat_cross,
          minmay_fountain_box
D:6:      layout_gridville, chequers_ossuary_entry_cave, minmay_quadrilaterals
D:7:      cheibrodos_barr_body, layout_basic, minmay_temple_entry_statues,
          enter_bailey_5, uniq_maggie, uniq_joseph

Skill      XL: |  1  2  3  4  5  6  7  8  9 |
---------------+----------------------------+-----
Stealth        | 1 2 5 |  5.1
Fighting       | 3 4 6 |  6.0
Ranged Weapons | 2 3 5 6 8 |  8.0
Dodging        | 3 4 5 6 |  6.0
Short Blades   | |  2.6
Throwing       | |  1.7

Action                   |  1- 3 |  4- 6 |  7- 9 || total
-------------------------+-------+-------+-------++-------
Melee: Rapier            |    70 |       |       ||    70
       Dagger            |    44 |       |       ||    44
       Punch             |     1 |       |       ||     1
 Fire: Arbalest          |    22 |   119 |   252 ||   393
Throw: Throwing net      |       |       |     5 ||     5
  Use: Scroll            |     3 |     2 |    22 ||    27
       Potion            |       |     1 |     1 ||     2
 Stab: Sleeping          |     2 |       |       ||     2
Armor: Leather armour    |    44 |    13 |       ||    57
       Chain mail        |       |       |    72 ||    72
Dodge: Dodged            |    73 |    49 |    44 ||   166

Table legend: (Time is in decaauts)
 A = Elapsed time spent in this place.
 B = Non-inter-level travel time spent in this place.
 C = Inter-level travel time spent in this place.
 D = Time resting spent in this place.
 E = Time spent auto-exploring this place.
 F = Levels seen in this place.
 G = Mean time per level.
                   A        B        C        D        E       F      G
               +--------+--------+--------+--------+--------+-----+--------+
         Total |   8656 |   8421 |    235 |   1846 |   5090 |   9 |  961.8 |
       Dungeon |   7534 |   7299 |    235 |   1805 |   4428 |   7 | 1076.3 |
       Ossuary |    660 |    660 |      0 |      0 |    410 |   1 |  660.0 |
        Bailey |    461 |    461 |      0 |     41 |    252 |   1 |  461.0 |
               +--------+--------+--------+--------+--------+-----+--------+

Top non-repeatable levels by time:
     D:4: 1716 daAuts
     D:3: 1293 daAuts
     D:1: 1210 daAuts
     D:2: 1002 daAuts
     D:6: 972 daAuts
     D:7: 675 daAuts
     D:5: 663 daAuts
 Ossuary: 660 daAuts
  Bailey: 461 daAuts
